Silver Tips vs Heat

Created - May 2, 2024 at 23:39

Goals
1 2 3 OT1 T
Silver Tips 0 0 2 1 3
Heat 1 0 1 0 2
Shots
1 2 3 OT1 T
Silver Tips 6 13 9 3 31
Heat 14 16 8 0 38

1st period

1. Heat , Max McCormick 2 (Cam York 5, Tanner Kero 3) at 11:21

Penalties :
Andrew Agozzino (STO) for Cross-checking (Minor) at 3:21, Tanner Kero (STO) for Roughing (Minor) at 3:44, Cal Clutterbuck (EVT) for Hooking (Minor) at 6:58, Michael Kesselring (EVT) for Hooking (Minor) at 16:09, Cam York (STO) for Holding (Minor) at 19:35

2nd period

No Goal

Penalties :
Andrew Agozzino (STO) for Hooking (Minor) at 6:02, Nathan Walker (STO) for Fighting (Major) at 10:15, Michael Kesselring (EVT) for Fighting (Major) at 10:15, Marcus Bjork (STO) for Tripping (Minor) at 11:10, Cal Clutterbuck (EVT) for Hooking (Minor) at 16:31

3rd period

2. Silver Tips , Rem Pitlick 1 (Patrick Maroon 1, Yegor Zamula 2) at 12:25 (PP)
3. Heat , Tyler Pitlick 2 (Tanner Kero 4, Cam York 6) at 12:59
4. Silver Tips , Adam Cracknell 1 (Samuel Fagemo 2, William Eklund 4) at 16:32

Penalties :
Marcus Bjork (STO) for Interference (Minor) at 6:26, Andrew Agozzino (STO) for Holding (Minor) at 8:56, Andrew Agozzino (STO) for Roughing (Minor) at 11:51, Michael Kesselring (EVT) for Holding (Minor) at 13:20, Michael Kesselring (EVT) for Roughing (Minor) at 16:51, Nathan Walker (STO) for Interference (Minor) at 19:02

Overtime #1

5. Silver Tips , Yegor Zamula 1 (William Eklund 5) at 0:10 (PP)

Penalties :
No Penalty

Goalie Stats

Lukas Dostal (EVT), 36 saves from 38 shots - (0.947), W, 3-2-0, 60:11 minutes
Calvin Pickard (STO), 28 saves from 31 shots - (0.903), OTL, 2-2-1, 60:11 minutes

Players Stats for Silver Tips

Player Name              G  A  P  +/- PIM S  H  SB GA TA FO     MP     PP MP  PK MP  
------------------------------------------------------------------------------------
Adam Cracknell           1  0  1   0  0   3  3  0  0  0  0/0    14:27   0:00   0:00 
Adam Ginning             0  0  0   0  0   0  2  1  0  0  0/0    22:10   5:39   5:15 
Cal Clutterbuck          0  0  0  -1  4   8  2  0  0  0  2/8    21:07   7:18   2:09 
Chase De Leo             0  0  0   0  0   4  1  1  0  0  1/1    17:43   6:46   0:49 
Connor Brown             0  0  0   0  0   0  1  0  0  0  4/9    13:44   0:00   0:00 
David Jiricek            0  0  0  -1  0   0  2  1  0  0  0/0    16:14   1:45   2:06 
Gemel Smith              0  0  0   0  0   0  0  0  0  0  0/0     2:51   0:41   0:00 
Joseph Cecconi           0  0  0   1  0   0  0  2  0  0  0/0    13:31   0:00   0:53 
Michael Kesselring       0  0  0   0  11  0  3  0  0  0  0/0    21:05   7:14   2:11 
Nathan Todd              0  0  0   0  0   0  0  0  0  0  0/0     0:00   0:00   0:00 
Olle Lycksell            0  0  0   0  0   0  0  0  0  0  0/0     0:20   0:20   0:00 
Patrick Maroon           0  1  1  -1  0   2  2  0  0  0  0/5    19:00   7:11   5:41 
Raphael Lavoie           0  0  0   0  0   2  0  0  0  0  13/16  21:56   6:21   5:27 
Rem Pitlick              1  0  1  -1  0   3  1  1  0  0  11/27  22:11   7:18   3:11 
Samuel Fagemo            0  1  1   0  0   2  0  0  0  0  0/0    14:27   0:00   0:00 
William Eklund           0  2  2   0  0   2  0  0  0  0  17/26  23:00   6:02   2:43 
William Trudeau          0  0  0  -1  0   3  1  3  0  0  0/0    22:48   5:13   4:30 
Yegor Zamula             1  1  2  -1  0   2  0  2  0  0  0/0    24:20   8:07   4:45 

Players Stats for Heat

Player Name              G  A  P  +/- PIM S  H  SB GA TA FO     MP     PP MP  PK MP  
------------------------------------------------------------------------------------
Andrew Agozzino          0  0  0   0  8   2  1  0  0  0  10/22  13:41   4:55   0:00 
Anthony Richard          0  0  0  -1  0   5  3  0  0  0  0/0    14:16   5:00   0:00 
Cam York                 0  2  2   2  2   2  0  0  0  0  0/0    21:48   5:12   2:23 
Cameron Hughes           0  0  0   0  0   3  1  0  0  0  0/1     9:11   0:00   0:21 
Chris Terry              0  0  0  -1  0   3  0  0  0  0  0/2    14:16   5:00   0:00 
Filip Roos               0  0  0   0  0   4  0  1  0  0  0/0    15:24   4:43   0:03 
Georgii Merkulov         0  0  0   0  0   0  0  0  0  0  11/20  16:27   0:00   7:03 
Jacob Bernard-Docker     0  0  0   0  0   0  1  2  0  0  0/0    17:02   0:00   5:30 
Jaycob Megna             0  0  0   1  0   2  1  1  0  0  0/0    24:00   5:12   5:58 
Jayson Megna             0  0  0   0  0   2  0  0  0  0  0/1    15:40   0:00   6:16 
Marcus Bjork             0  0  0   0  4   4  3  0  0  0  0/0    22:39   4:43   6:03 
Max McCormick            1  0  1   2  0   2  1  0  0  0  0/2    13:42   4:55   0:00 
Nathan Walker            0  0  0   0  7   0  1  0  0  0  0/1    12:56   0:00   3:34 
Radim Simek              0  0  0  -1  0   0  2  3  0  0  0/0    19:26   0:00   8:01 
Sam Gagner               0  0  0   0  0   7  0  0  0  0  0/1    13:45   4:55   0:00 
Tanner Kero              0  2  2   2  2   0  1  0  0  0  14/20  14:39   0:00   5:52 
Tyler Pitlick            1  0  1   2  0   2  0  0  0  0  0/4    12:02   0:00   3:15 
Zac Dalpe                0  0  0  -1  0   0  0  0  0  0  9/18   14:16   5:00   0:00 

3 Stars

1 - Lukas Dostal (EVT)
2 - Max McCormick (STO)
3 - Adam Cracknell (EVT)

Power Play

Silver Tips - 2 on 9 Attempt(s) - 22.22%
Heat - 0 on 5 Attempt(s) - 0.00%

Penalty Kill

Silver Tips - 5 on 5 Attempt(s) - 100.00% - Score 0 goal in Penalty Kill
Heat - 7 on 9 Attempt(s) - 77.78% - Score 0 goal in Penalty Kill

Team Stat

Silver Tips - Hits : 18 - Faceoff Wins : 48 - Blocked Shots : 11 - Penalty Minutes : 15
Heat - Hits : 15 - Faceoff Wins : 44 - Blocked Shots : 7 - Penalty Minutes : 23

Official

Referees : Pierre Lambert and Ghislain Hebert
Linesman : Kyle Flemington and Ryan Daisy

Game Notes

Michael Kesselring beats up Nathan Walker at 10:15 of 2nd period

Finance

Level 1 -- Attendance: 1972 (98.60%) -- Ticket Income $69,020
Level 2 -- Attendance: 1000 (100.00%) -- Ticket Income $15,000
Total Attendance: 2972 (99.07%)
Total Ticket Income: $84,020
Other Income: $41,170
Total Income: $125,190

Silver Tips

5 vs 5 Forward 
   Center                   Left Wing                Right Wing               Time % Phy DF OF 
 1 Rem Pitlick              Patrick Maroon           Cal Clutterbuck          25     1   2  2  
 2 Connor Brown             Chase De Leo             Raphael Lavoie           25     1   2  2  
 3 William Eklund           Samuel Fagemo            Adam Cracknell           25     1   2  2  
 4 Cal Clutterbuck          Rem Pitlick              Connor Brown             25     1   2  2  

5 vs 5 Defense 
   Defense                  Defense                                           Time % Phy DF OF 
 1 Yegor Zamula             Michael Kesselring                                25     1   2  2  
 2 David Jiricek            William Trudeau                                   25     1   2  2  
 3 Adam Ginning             Joseph Cecconi                                    25     1   2  2  
 4 Yegor Zamula             Michael Kesselring                                25     1   2  2  

PowerPlay Forward 
   Center                   Left Wing                Right Wing               Time % Phy DF OF 
 1 Rem Pitlick              Patrick Maroon           Cal Clutterbuck          60     1   2  2  
 2 William Eklund           Chase De Leo             Raphael Lavoie           40     1   2  2  

PowerPlay Defense
   Defense                  Defense                                           Time % Phy DF OF 
 1 Yegor Zamula             Michael Kesselring                                60     1   2  2  
 2 Adam Ginning             William Trudeau                                   40     1   2  2  

Penalty Kill 4 Players Forward 
   Center                   Wing                     Time % Phy DF OF 
 1 Raphael Lavoie           Patrick Maroon           60     1   2  2  
 2 Rem Pitlick              Cal Clutterbuck          40     1   2  2  

Penalty Kill 4 Players Defense
   Defense                  Defense                  Time % Phy DF OF 
 1 Yegor Zamula             Michael Kesselring       60     1   2  2  
 2 Adam Ginning             William Trudeau          40     1   2  2  

Penalty Kill - 3 Players Forward 
   Forward                                           Time % Phy DF OF 
 1 Rem Pitlick                                       60     1   2  2  
 2 Patrick Maroon                                    40     1   2  2  

Penalty Kill - 3 Players Defense
   Defense                  Defense                  Time % Phy DF OF 
 1 Yegor Zamula             Michael Kesselring       60     1   2  2  
 2 Joseph Cecconi           William Trudeau          40     1   2  2  

4 vs 4 Forward 
   Center                   Wing                     Time % Phy DF OF 
 1 Cal Clutterbuck          Patrick Maroon           60     1   2  2  
 2 Rem Pitlick              Raphael Lavoie           40     1   2  2  

4 vs 4 Defense
   Defense                  Defense                  Time % Phy DF OF 
 1 Yegor Zamula             Michael Kesselring       60     1   2  2  
 2 Adam Ginning             William Trudeau          40     1   2  2  

Last Minutes Offensive
   Center                   Left Wing                Right Wing               Defense                  Defense                  
   Rem Pitlick              Patrick Maroon           Cal Clutterbuck          Yegor Zamula             Michael Kesselring       

Last Minutes Defensive
   Center                   Left Wing                Right Wing               Defense                  Defense                  
   Rem Pitlick              Patrick Maroon           Cal Clutterbuck          Yegor Zamula             Michael Kesselring       

Goaltenders
Starting : Lukas Dostal             
Backup : Dustin Wolf              

Extra Forwards
Normal : Gemel Smith, William Eklund, Rem Pitlick - PP : Gemel Smith, William Eklund - PK : Rem Pitlick
Extra Defensemen
Normal : Adam Ginning, Yegor Zamula, Michael Kesselring - PP : Adam Ginning - PK : Michael Kesselring, Yegor Zamula
Penalty Shots
William Eklund, Patrick Maroon, Rem Pitlick, Cal Clutterbuck, Raphael Lavoie
Custom OT Lines Forwards
Cal Clutterbuck, Patrick Maroon, Rem Pitlick, Connor Brown, Raphael Lavoie, Chase De Leo, William Eklund, Adam Cracknell, Gemel Smith, Samuel Fagemo
Custom OT Lines Defensemen
Yegor Zamula, Michael Kesselring, Joseph Cecconi, William Trudeau, Adam Ginning

Scratches
Santtu Kinnunen (Healthy), Henri Nikkanen (Healthy), Brendan Perlini (Healthy), Tyce Thompson (Healthy), Hayden Hodgson (Healthy)
Navrin Mutter (Healthy), Gustav Olofsson (Healthy), Alexander Kisakov (Healthy), Andre Lee (Healthy), Carter Savoie (Healthy)
Jeremy McKenna (Healthy), Jeremy Davies (Healthy), Blade Jenkins (Healthy), Riley Sawchuk (Healthy), Michael Regush (Healthy)
Dylan Holloway (Healthy), Mitch Reinke (Healthy), Patrick Holway (Healthy), Rourke Chartier (Healthy), Joel Teasdale (Healthy)
Ben Copeland (Healthy), Michael O'Leary (Healthy), Peter Diliberatore (Healthy), Leevi Merilainen (Healthy), Vadim Zherenko (Healthy)
Remi Poirier (Healthy), Gage Alexander (Healthy), Joel Hofer (Healthy)

Heat

5 vs 5 Forward 
   Center                   Left Wing                Right Wing               Time % Phy DF OF 
 1 Andrew Agozzino          Cameron Hughes           Sam Gagner               25     0   3  2  
 2 Zac Dalpe                Chris Terry              Anthony Richard          25     0   3  2  
 3 Tanner Kero              Max McCormick            Tyler Pitlick            25     0   4  1  
 4 Georgii Merkulov         Nathan Walker            Jayson Megna             25     0   4  1  

5 vs 5 Defense 
   Defense                  Defense                                           Time % Phy DF OF 
 1 Jaycob Megna             Cam York                                          34     0   4  1  
 2 Radim Simek              Marcus Bjork                                      32     0   4  1  
 3 Jacob Bernard-Docker     Filip Roos                                        30     0   4  1  
 4 Cam York                 Marcus Bjork                                      4      0   4  1  

PowerPlay Forward 
   Center                   Left Wing                Right Wing               Time % Phy DF OF 
 1 Andrew Agozzino          Max McCormick            Sam Gagner               50     0   0  5  
 2 Zac Dalpe                Chris Terry              Anthony Richard          50     0   0  5  

PowerPlay Defense
   Defense                  Defense                                           Time % Phy DF OF 
 1 Jaycob Megna             Cam York                                          50     0   2  3  
 2 Filip Roos               Marcus Bjork                                      50     0   2  3  

Penalty Kill 4 Players Forward 
   Center                   Wing                     Time % Phy DF OF 
 1 Tanner Kero              Jayson Megna             50     0   5  0  
 2 Georgii Merkulov         Nathan Walker            50     0   5  0  

Penalty Kill 4 Players Defense
   Defense                  Defense                  Time % Phy DF OF 
 1 Jaycob Megna             Jacob Bernard-Docker     50     0   4  1  
 2 Radim Simek              Marcus Bjork             50     0   4  1  

Penalty Kill - 3 Players Forward 
   Forward                                           Time % Phy DF OF 
 1 Tanner Kero                                       50     0   5  0  
 2 Georgii Merkulov                                  50     0   5  0  

Penalty Kill - 3 Players Defense
   Defense                  Defense                  Time % Phy DF OF 
 1 Jaycob Megna             Jacob Bernard-Docker     50     0   4  1  
 2 Radim Simek              Marcus Bjork             50     0   4  1  

4 vs 4 Forward 
   Center                   Wing                     Time % Phy DF OF 
 1 Andrew Agozzino          Anthony Richard          50     0   3  2  
 2 Zac Dalpe                Max McCormick            50     0   3  2  

4 vs 4 Defense
   Defense                  Defense                  Time % Phy DF OF 
 1 Jaycob Megna             Cam York                 50     0   4  1  
 2 Filip Roos               Marcus Bjork             50     0   4  1  

Last Minutes Offensive
   Center                   Left Wing                Right Wing               Defense                  Defense                  
   Andrew Agozzino          Anthony Richard          Sam Gagner               Jaycob Megna             Cam York                 

Last Minutes Defensive
   Center                   Left Wing                Right Wing               Defense                  Defense                  
   Jayson Megna             Nathan Walker            Tyler Pitlick            Radim Simek              Jaycob Megna             

Goaltenders
Starting : Calvin Pickard           
Backup : Jaxson Stauber           

Extra Forwards
Normal : Georgii Merkulov, Nathan Walker, Jayson Megna - PP : Max McCormick, Tyler Pitlick - PK : Tyler Pitlick
Extra Defensemen
Normal : Filip Roos, Jacob Bernard-Docker, Radim Simek - PP : Radim Simek - PK : Cam York, Filip Roos
Penalty Shots
Andrew Agozzino, Chris Terry, Max McCormick, Georgii Merkulov, Sam Gagner
Custom OT Lines Forwards
Sam Gagner, Anthony Richard, Andrew Agozzino, Max McCormick, Zac Dalpe, Chris Terry, Georgii Merkulov, Cameron Hughes, Tanner Kero, Jayson Megna
Custom OT Lines Defensemen
Cam York, Jaycob Megna, Marcus Bjork, Radim Simek, Filip Roos

Scratches
Jack Dugan (Healthy), Darren Raddysh (Healthy), Angus Crookshank (Healthy), Tristen Robins (Healthy), Jiri Kulich (Healthy)
Tanner Laczynski (Healthy), Byron Froese (Healthy), Ben McCartney (Healthy), Benjamin Jones (Healthy), Cole Reinhardt (Healthy)
Michael Mersch (Healthy), Martin Pospisil (Healthy), Benjamin Gleason (Healthy), Josh Doan (Healthy), Glenn Gawdin (Healthy)
Marian Studenic (Healthy), David Farrance (Healthy), Nolan Stevens (Healthy), Semyon Der-Arguchintsev (Healthy), Chase Wouters (Healthy)
Danila Klimovich (Healthy), Declan Chisholm (Healthy), Axel Andersson (Healthy), Linus Weissbach (Healthy), Vladislav Kolyachonok (Healthy)
Jared McIsaac (Healthy)

% Time on Ice - Silver Tips

Lines # - Real PCT - Wanted PCT - Time Play
Normal Forward
1 - 17% - 25% - 6:08
2 - 28% - 25% - 10:08
3 - 40% - 25% - 14:27
4 - 15% - 25% - 5:34
Normal Defense
1 - 20% - 25% - 7:21
2 - 28% - 25% - 10:17
3 - 33% - 25% - 11:48
4 - 19% - 25% - 6:51
PP Forward
1 - 55% - 60% - 7:38
2 - 45% - 40% - 6:21
PP Defense
1 - 66% - 60% - 9:13
2 - 34% - 40% - 4:46
PK Forward
1 - 68% - 60% - 6:44
2 - 32% - 40% - 3:11
PK Defense
1 - 71% - 60% - 7:02
2 - 29% - 40% - 2:53
PK3 Forward
1 - 0% - 60%
2 - 0% - 40%
PK3 Defense
1 - 0% - 60%
2 - 0% - 40%
44 Forward
1 - 0% - 60%
2 - 0% - 40%
44 Defense
1 - 0% - 60%
2 - 0% - 40%
Last Minute Offensive  - 0:00
Last Minute Defensive  - 0:00
Total
Forward - 60:11
Defense - 60:11

% Time on Ice - Heat

Lines # - Real PCT - Wanted PCT - Time Play
Normal Forward
1 - 24% - 25% - 8:50
2 - 26% - 25% - 9:16
3 - 24% - 25% - 8:47
4 - 26% - 25% - 9:24
Normal Defense
1 - 35% - 34% - 12:50
2 - 31% - 32% - 11:25
3 - 29% - 30% - 10:38
4 - 4% - 4% - 1:24
PP Forward
1 - 50% - 50% - 4:55
2 - 50% - 50% - 5:00
PP Defense
1 - 52% - 50% - 5:12
2 - 48% - 50% - 4:43
PK Forward
1 - 51% - 50% - 6:16
2 - 49% - 50% - 6:07
PK Defense
1 - 41% - 50% - 5:02
2 - 59% - 50% - 7:21
PK3 Forward
1 - 42% - 50% - 0:40
2 - 58% - 50% - 0:56
PK3 Defense
1 - 58% - 50% - 0:56
2 - 42% - 50% - 0:40
44 Forward
1 - 0% - 50%
2 - 0% - 50%
44 Defense
1 - 0% - 50%
2 - 0% - 50%
Last Minute Offensive  - 0:00
Last Minute Defensive  - 0:00
Total
Forward - 60:11
Defense - 60:11

Play-by-Play

1st period


0:01 of 1st period - Andrew Agozzino wins face-off versus Cal Clutterbuck in neutral zone.
0:03 of 1st period - Off-side.
0:04 of 1st period - Zac Dalpe wins face-off versus Connor Brown in neutral zone.
0:51 of 1st period - Marcus Bjork is hit by Adam Ginning and loses puck.
1:13 of 1st period - Icing by Adam Ginning.
1:14 of 1st period - Georgii Merkulov wins face-off versus William Eklund in Silver Tips zone.
2:27 of 1st period - Off-side.
2:28 of 1st period - Andrew Agozzino wins face-off versus Connor Brown in neutral zone.
2:59 of 1st period - Shot by Chase De Leo.
2:59 of 1st period - Shot Misses the Net.
3:01 of 1st period - Shot by Connor Brown.
3:01 of 1st period - Shot Misses the Net.
3:03 of 1st period - Shot by Chase De Leo.
3:03 of 1st period - Stopped by Calvin Pickard with a rebound.
3:21 of 1st period - Minor Penalty to Andrew Agozzino for Cross-checking.
3:22 of 1st period - Rem Pitlick wins face-off versus Tanner Kero in Heat zone.
3:44 of 1st period - Minor Penalty to Tanner Kero for Roughing.
3:45 of 1st period - Raphael Lavoie wins face-off versus Tyler Pitlick in Heat zone.
4:08 of 1st period - Shot by Chase De Leo.
4:08 of 1st period - Stopped by Calvin Pickard without a rebound.
4:09 of 1st period - Georgii Merkulov wins face-off versus Rem Pitlick in Heat zone.
4:24 of 1st period - Shot by Rem Pitlick.
4:24 of 1st period - Stopped by Calvin Pickard without a rebound.
4:25 of 1st period - William Eklund wins face-off versus Georgii Merkulov in Heat zone.
4:44 of 1st period - Shot by Chase De Leo.
4:44 of 1st period - Shot Blocked by Radim Simek.
5:44 of 1st period - Icing by Marcus Bjork.
5:45 of 1st period - William Eklund wins face-off versus Andrew Agozzino in Heat zone.
5:59 of 1st period - Shot by Andrew Agozzino.
5:59 of 1st period - Stopped by Lukas Dostal with a rebound.
6:03 of 1st period - Shot by Sam Gagner.
6:03 of 1st period - Deflect By Andrew Agozzino.
6:03 of 1st period - Shot Misses the Net.
6:05 of 1st period - Shot by Andrew Agozzino.
6:05 of 1st period - Stopped by Lukas Dostal with a rebound.
6:51 of 1st period - Shot by Chase De Leo.
6:51 of 1st period - Stopped by Calvin Pickard without a rebound.
6:52 of 1st period - Tanner Kero wins face-off versus Cal Clutterbuck in Heat zone.
6:58 of 1st period - Minor Penalty to Cal Clutterbuck for Hooking.
6:59 of 1st period - Andrew Agozzino wins face-off versus Raphael Lavoie in Silver Tips zone.
7:00 of 1st period - Shot by Marcus Bjork.
7:00 of 1st period - Stopped by Lukas Dostal with a rebound.
7:02 of 1st period - Shot by Marcus Bjork.
7:02 of 1st period - Stopped by Lukas Dostal without a rebound.
7:03 of 1st period - Zac Dalpe wins face-off versus Patrick Maroon in Silver Tips zone.
7:08 of 1st period - Shot by Chris Terry.
7:08 of 1st period - Deflect By Anthony Richard.
7:08 of 1st period - Shot Misses the Net.
7:10 of 1st period - Shot by Marcus Bjork.
7:10 of 1st period - Shot Misses the Net.
7:12 of 1st period - Shot by Filip Roos.
7:12 of 1st period - Stopped by Lukas Dostal without a rebound.
7:13 of 1st period - Raphael Lavoie wins face-off versus Andrew Agozzino in Silver Tips zone.
7:54 of 1st period - Cam York is hit by Michael Kesselring and loses puck.
8:36 of 1st period - Shot by Filip Roos.
8:36 of 1st period - Deflect By Anthony Richard.
8:36 of 1st period - Stopped by Lukas Dostal without a rebound.
8:37 of 1st period - Andrew Agozzino wins face-off versus Patrick Maroon in Silver Tips zone.
8:38 of 1st period - Shot by Jaycob Megna.
8:38 of 1st period - Shot Misses the Net.
8:40 of 1st period - Shot by Jaycob Megna.
8:40 of 1st period - Shot Misses the Net.
8:42 of 1st period - Shot by Jaycob Megna.
8:42 of 1st period - Shot Misses the Net.
8:44 of 1st period - Shot by Cam York.
8:44 of 1st period - Shot Misses the Net.
8:46 of 1st period - Shot by Max McCormick.
8:46 of 1st period - Shot Misses the Net.
8:48 of 1st period - Shot by Cam York.
8:48 of 1st period - Shot Misses the Net.
9:30 of 1st period - Shot by Georgii Merkulov.
9:30 of 1st period - Deflect By Jayson Megna.
9:30 of 1st period - Stopped by Lukas Dostal without a rebound.
9:31 of 1st period - William Eklund wins face-off versus Zac Dalpe in Silver Tips zone.
9:58 of 1st period - Shot by William Eklund.
9:58 of 1st period - Shot Misses the Net.
10:00 of 1st period - Shot by Adam Cracknell.
10:00 of 1st period - Stopped by Calvin Pickard with a rebound.
10:02 of 1st period - Shot by Joseph Cecconi.
10:02 of 1st period - Shot Hit the Post.
10:12 of 1st period - Michael Kesselring is hit by Anthony Richard and loses puck.
11:21 of 1st period - Shot by Max McCormick.
11:21 of 1st period - Goal by Max McCormick - Silver Tips : 0 - Heat : 1.
11:22 of 1st period - William Eklund wins face-off versus Jayson Megna in neutral zone.
11:46 of 1st period - Shot by Georgii Merkulov.
11:46 of 1st period - Shot Blocked by Joseph Cecconi.
11:48 of 1st period - Shot by Radim Simek.
11:48 of 1st period - Shot Misses the Net.
12:06 of 1st period - Icing by William Eklund.
12:07 of 1st period - William Eklund wins face-off versus Tyler Pitlick in Silver Tips zone.
12:07 of 1st period - Samuel Fagemo is hit by Tanner Kero.
12:33 of 1st period - Shot by Max McCormick.
12:33 of 1st period - Shot Blocked by Adam Ginning.
13:21 of 1st period - Shot by Cameron Hughes.
13:21 of 1st period - Shot Hit the Post.
13:32 of 1st period - Off-side.
13:33 of 1st period - Georgii Merkulov wins face-off versus Cal Clutterbuck in neutral zone.
13:35 of 1st period - Jacob Bernard-Docker is hit by Michael Kesselring and loses puck.
14:18 of 1st period - Chase De Leo is hit by Nathan Walker and loses puck.
14:51 of 1st period - Shot by Chris Terry.
14:51 of 1st period - Stopped by Lukas Dostal without a rebound.
14:52 of 1st period - Tanner Kero wins face-off versus Rem Pitlick in Silver Tips zone.
14:55 of 1st period - Shot by Max McCormick.
14:55 of 1st period - Stopped by Lukas Dostal without a rebound.
14:56 of 1st period - Rem Pitlick wins face-off versus Tanner Kero in Silver Tips zone.
15:21 of 1st period - Shot by Cal Clutterbuck.
15:21 of 1st period - Stopped by Calvin Pickard without a rebound.
15:22 of 1st period - Andrew Agozzino wins face-off versus Connor Brown in Heat zone.
15:49 of 1st period - Shot by Cameron Hughes.
15:49 of 1st period - Stopped by Lukas Dostal without a rebound.
15:50 of 1st period - Georgii Merkulov wins face-off versus Rem Pitlick in Silver Tips zone.
15:59 of 1st period - Shot by Jayson Megna.
15:59 of 1st period - Shot Blocked by Yegor Zamula.
16:09 of 1st period - Minor Penalty to Michael Kesselring for Hooking.
16:10 of 1st period - Raphael Lavoie wins face-off versus Zac Dalpe in Silver Tips zone.
16:49 of 1st period - Cal Clutterbuck is hit by Anthony Richard.
17:01 of 1st period - Shot by Raphael Lavoie.
17:01 of 1st period - Shot Misses the Net.
17:27 of 1st period - Shot by Sam Gagner.
17:27 of 1st period - Shot Misses the Net.
17:29 of 1st period - Shot by Marcus Bjork.
17:29 of 1st period - Shot Misses the Net.
17:31 of 1st period - Shot by Marcus Bjork.
17:31 of 1st period - Stopped by Lukas Dostal with a rebound.
17:41 of 1st period - Shot by Sam Gagner.
17:41 of 1st period - Shot Blocked by Chase De Leo.
17:43 of 1st period - Shot by Sam Gagner.
17:43 of 1st period - Stopped by Lukas Dostal without a rebound.
17:44 of 1st period - Andrew Agozzino wins face-off versus Raphael Lavoie in Silver Tips zone.
18:08 of 1st period - Shot by Marcus Bjork.
18:08 of 1st period - Stopped by Lukas Dostal with a rebound.
18:17 of 1st period - Samuel Fagemo is hit by Radim Simek and loses puck.
18:26 of 1st period - Radim Simek is hit by Adam Cracknell and loses puck.
19:19 of 1st period - Icing by Adam Ginning.
19:20 of 1st period - Cal Clutterbuck wins face-off versus Sam Gagner in Silver Tips zone.
19:26 of 1st period - Off-side.
19:27 of 1st period - Connor Brown wins face-off versus Zac Dalpe in neutral zone.
19:29 of 1st period - Yegor Zamula is hit by Marcus Bjork and loses puck.
19:35 of 1st period - Minor Penalty to Cam York for Holding.
19:36 of 1st period - Tanner Kero wins face-off versus William Eklund in Heat zone.
Goals for this period are 0 for Silver Tips vs 1 for Heat.
Shots for this period are 6 for Silver Tips vs 14 for Heat.

2nd period


0:01 of 2nd period - Georgii Merkulov wins face-off versus Rem Pitlick in neutral zone.
0:07 of 2nd period - Icing by Cal Clutterbuck.
0:08 of 2nd period - Georgii Merkulov wins face-off versus Rem Pitlick in Silver Tips zone.
0:21 of 2nd period - Shot by Rem Pitlick.
0:21 of 2nd period - Shot Blocked by Jacob Bernard-Docker.
1:41 of 2nd period - Cam York is hit by David Jiricek and loses puck.
1:44 of 2nd period - Shot by Cameron Hughes.
1:44 of 2nd period - Shot Blocked by David Jiricek.
1:46 of 2nd period - Shot by Cameron Hughes.
1:46 of 2nd period - Stopped by Lukas Dostal without a rebound.
1:47 of 2nd period - Zac Dalpe wins face-off versus Cal Clutterbuck in Silver Tips zone.
1:47 of 2nd period - Chris Terry is hit by Michael Kesselring and loses puck.
1:54 of 2nd period - Filip Roos is hit by Connor Brown and loses puck.
2:01 of 2nd period - Shot by Cal Clutterbuck.
2:01 of 2nd period - Shot Misses the Net.
2:03 of 2nd period - Shot by Cal Clutterbuck.
2:03 of 2nd period - Stopped by Calvin Pickard without a rebound.
2:04 of 2nd period - William Eklund wins face-off versus Max McCormick in Heat zone.
2:21 of 2nd period - Shot by Adam Cracknell.
2:21 of 2nd period - Stopped by Calvin Pickard without a rebound.
2:22 of 2nd period - Raphael Lavoie wins face-off versus Andrew Agozzino in Heat zone.
2:29 of 2nd period - Shot by Chase De Leo.
2:29 of 2nd period - Stopped by Calvin Pickard without a rebound.
2:30 of 2nd period - Tanner Kero wins face-off versus Rem Pitlick in Heat zone.
2:46 of 2nd period - Shot by Cal Clutterbuck.
2:46 of 2nd period - Stopped by Calvin Pickard without a rebound.
2:47 of 2nd period - Raphael Lavoie wins face-off versus Andrew Agozzino in Heat zone.
3:26 of 2nd period - Shot by Sam Gagner.
3:26 of 2nd period - Stopped by Lukas Dostal with a rebound.
3:48 of 2nd period - Shot by Rem Pitlick.
3:48 of 2nd period - Shot Misses the Net.
4:00 of 2nd period - Shot by Cal Clutterbuck.
4:00 of 2nd period - Shot Blocked by Filip Roos.
4:02 of 2nd period - Shot by Patrick Maroon.
4:02 of 2nd period - Stopped by Calvin Pickard without a rebound.
4:03 of 2nd period - William Eklund wins face-off versus Zac Dalpe in Heat zone.
5:02 of 2nd period - Icing by Michael Kesselring.
5:03 of 2nd period - Rem Pitlick wins face-off versus Tanner Kero in Silver Tips zone.
5:36 of 2nd period - Shot by Tyler Pitlick.
5:36 of 2nd period - Stopped by Lukas Dostal without a rebound.
5:37 of 2nd period - Connor Brown wins face-off versus Andrew Agozzino in Silver Tips zone.
5:37 of 2nd period - Connor Brown is hit by Andrew Agozzino.
5:51 of 2nd period - Shot by Sam Gagner.
5:51 of 2nd period - Shot Misses the Net.
5:53 of 2nd period - Shot by Sam Gagner.
5:53 of 2nd period - Stopped by Lukas Dostal with a rebound.
6:02 of 2nd period - Minor Penalty to Andrew Agozzino for Hooking.
6:03 of 2nd period - Georgii Merkulov wins face-off versus Rem Pitlick in Heat zone.
6:35 of 2nd period - Jaycob Megna is hit by Cal Clutterbuck and loses puck.
6:56 of 2nd period - Shot by William Trudeau.
6:56 of 2nd period - Stopped by Calvin Pickard without a rebound.
6:57 of 2nd period - Tanner Kero wins face-off versus William Eklund in Heat zone.
8:17 of 2nd period - Shot by Cameron Hughes.
8:17 of 2nd period - Deflect By Sam Gagner.
8:17 of 2nd period - Stopped by Lukas Dostal without a rebound.
8:18 of 2nd period - Chase De Leo wins face-off versus Zac Dalpe in Silver Tips zone.
8:24 of 2nd period - Icing by Jaycob Megna.
8:25 of 2nd period - William Eklund wins face-off versus Chris Terry in Heat zone.
8:30 of 2nd period - Shot by Samuel Fagemo.
8:30 of 2nd period - Stopped by Calvin Pickard without a rebound.
8:31 of 2nd period - Connor Brown wins face-off versus Andrew Agozzino in Heat zone.
8:37 of 2nd period - Cameron Hughes is hit by David Jiricek and loses puck.
8:48 of 2nd period - Shot by Raphael Lavoie.
8:48 of 2nd period - Stopped by Calvin Pickard without a rebound.
8:49 of 2nd period - Zac Dalpe wins face-off versus Rem Pitlick in Heat zone.
8:54 of 2nd period - Shot by Anthony Richard.
8:54 of 2nd period - Stopped by Lukas Dostal with a rebound.
9:00 of 2nd period - Shot by Chris Terry.
9:00 of 2nd period - Shot Blocked by Rem Pitlick.
9:02 of 2nd period - Shot by Filip Roos.
9:02 of 2nd period - Stopped by Lukas Dostal without a rebound.
9:03 of 2nd period - William Eklund wins face-off versus Tyler Pitlick in Silver Tips zone.
9:15 of 2nd period - Shot by William Eklund.
9:15 of 2nd period - Shot Misses the Net.
9:47 of 2nd period - Icing by Adam Cracknell.
9:48 of 2nd period - William Eklund wins face-off versus Georgii Merkulov in Silver Tips zone.
10:15 of 2nd period - Michael Kesselring beats up Nathan Walker.
10:15 of 2nd period - Penalty to Nathan Walker for Fighting.
10:15 of 2nd period - Penalty to Michael Kesselring for Fighting.
10:16 of 2nd period - Cal Clutterbuck wins face-off versus Cameron Hughes in Silver Tips zone.
10:16 of 2nd period - Cal Clutterbuck is hit by Cameron Hughes.
10:48 of 2nd period - Shot by Sam Gagner.
10:48 of 2nd period - Stopped by Lukas Dostal without a rebound.
10:49 of 2nd period - Raphael Lavoie wins face-off versus Zac Dalpe in Silver Tips zone.
10:49 of 2nd period - Connor Brown is hit by Anthony Richard and loses puck.
11:00 of 2nd period - Marcus Bjork is hit by Chase De Leo and loses puck.
11:10 of 2nd period - Minor Penalty to Marcus Bjork for Tripping.
11:11 of 2nd period - Rem Pitlick wins face-off versus Georgii Merkulov in Heat zone.
11:12 of 2nd period - Shot by Cal Clutterbuck.
11:12 of 2nd period - Shot Misses the Net.
11:14 of 2nd period - Shot by Cal Clutterbuck.
11:14 of 2nd period - Stopped by Calvin Pickard with a rebound.
11:16 of 2nd period - Shot by Cal Clutterbuck.
11:16 of 2nd period - Stopped by Calvin Pickard with a rebound.
11:18 of 2nd period - Shot by Cal Clutterbuck.
11:18 of 2nd period - Shot Blocked by Jacob Bernard-Docker.
11:31 of 2nd period - Shot by William Trudeau.
11:31 of 2nd period - Stopped by Calvin Pickard without a rebound.
11:32 of 2nd period - Tanner Kero wins face-off versus William Eklund in Heat zone.
12:13 of 2nd period - Shot by Patrick Maroon.
12:13 of 2nd period - Shot Hit the Post.
12:15 of 2nd period - Shot by William Trudeau.
12:15 of 2nd period - Stopped by Calvin Pickard without a rebound.
12:16 of 2nd period - Georgii Merkulov wins face-off versus Rem Pitlick in Heat zone.
12:28 of 2nd period - Shot by David Jiricek.
12:28 of 2nd period - Shot Misses the Net.
12:59 of 2nd period - Icing by Chase De Leo.
13:00 of 2nd period - William Eklund wins face-off versus Tanner Kero in Silver Tips zone.
13:50 of 2nd period - Icing by William Trudeau.
13:51 of 2nd period - Andrew Agozzino wins face-off versus William Eklund in Silver Tips zone.
13:51 of 2nd period - Andrew Agozzino is hit by William Trudeau.
13:53 of 2nd period - Shot by Sam Gagner.
13:53 of 2nd period - Shot Blocked by William Trudeau.
13:55 of 2nd period - Shot by Sam Gagner.
13:55 of 2nd period - Stopped by Lukas Dostal with a rebound.
13:57 of 2nd period - Shot by Filip Roos.
13:57 of 2nd period - Stopped by Lukas Dostal with a rebound.
15:54 of 2nd period - Shot by Jayson Megna.
15:54 of 2nd period - Shot Misses the Net.
15:56 of 2nd period - Shot by Nathan Walker.
15:56 of 2nd period - Shot Misses the Net.
15:58 of 2nd period - Shot by Jayson Megna.
15:58 of 2nd period - Stopped by Lukas Dostal without a rebound.
15:59 of 2nd period - Zac Dalpe wins face-off versus Rem Pitlick in Silver Tips zone.
15:59 of 2nd period - Filip Roos is hit by Adam Ginning and loses puck.
16:10 of 2nd period - Shot by Anthony Richard.
16:10 of 2nd period - Stopped by Lukas Dostal without a rebound.
16:11 of 2nd period - Andrew Agozzino wins face-off versus Connor Brown in Silver Tips zone.
16:12 of 2nd period - Shot by Cameron Hughes.
16:12 of 2nd period - Stopped by Lukas Dostal without a rebound.
16:13 of 2nd period - Zac Dalpe wins face-off versus Rem Pitlick in Silver Tips zone.
16:19 of 2nd period - Off-side.
16:20 of 2nd period - Connor Brown wins face-off versus Georgii Merkulov in neutral zone.
16:27 of 2nd period - Icing by Nathan Walker.
16:28 of 2nd period - Georgii Merkulov wins face-off versus Rem Pitlick in Heat zone.
16:28 of 2nd period - Georgii Merkulov is hit by Patrick Maroon.
16:31 of 2nd period - Minor Penalty to Cal Clutterbuck for Hooking.
16:32 of 2nd period - Raphael Lavoie wins face-off versus Chris Terry in Silver Tips zone.
17:05 of 2nd period - Shot by Chris Terry.
17:05 of 2nd period - Stopped by Lukas Dostal without a rebound.
17:06 of 2nd period - Raphael Lavoie wins face-off versus Andrew Agozzino in Silver Tips zone.
17:12 of 2nd period - Icing by Jaycob Megna.
17:13 of 2nd period - Raphael Lavoie wins face-off versus Andrew Agozzino in Heat zone.
17:13 of 2nd period - Raphael Lavoie is hit by Jaycob Megna.
17:25 of 2nd period - William Trudeau is hit by Max McCormick and loses puck.
17:32 of 2nd period - Shot by Andrew Agozzino.
17:32 of 2nd period - Deflect By Max McCormick.
17:32 of 2nd period - Shot Misses the Net.
17:34 of 2nd period - Shot by Cam York.
17:34 of 2nd period - Stopped by Lukas Dostal without a rebound.
17:35 of 2nd period - Zac Dalpe wins face-off versus Rem Pitlick in Silver Tips zone.
17:36 of 2nd period - Shot by Anthony Richard.
17:36 of 2nd period - Stopped by Lukas Dostal with a rebound.
18:01 of 2nd period - Marcus Bjork is hit by Rem Pitlick and loses puck.
18:41 of 2nd period - Icing by Cam York.
18:42 of 2nd period - William Eklund wins face-off versus Georgii Merkulov in Heat zone.
18:43 of 2nd period - Shot by Samuel Fagemo.
18:43 of 2nd period - Shot Misses the Net.
18:53 of 2nd period - Shot by William Eklund.
18:53 of 2nd period - Stopped by Calvin Pickard without a rebound.
18:54 of 2nd period - Rem Pitlick wins face-off versus Tanner Kero in Heat zone.
18:54 of 2nd period - Rem Pitlick is hit by Marcus Bjork.
18:57 of 2nd period - Connor Brown is hit by Marcus Bjork and loses puck.
19:49 of 2nd period - Off-side.
19:50 of 2nd period - William Eklund wins face-off versus Zac Dalpe in neutral zone.
19:57 of 2nd period - Shot by Adam Cracknell.
19:57 of 2nd period - Shot Blocked by Jaycob Megna.
Goals for this period are 0 for Silver Tips vs 0 for Heat.
Shots for this period are 13 for Silver Tips vs 16 for Heat.

3rd period


0:01 of 3rd period - Andrew Agozzino wins face-off versus Rem Pitlick in neutral zone.
1:56 of 3rd period - Shot by Chris Terry.
1:56 of 3rd period - Deflect By Anthony Richard.
1:56 of 3rd period - Shot Blocked by William Trudeau.
2:48 of 3rd period - Off-side.
2:49 of 3rd period - Rem Pitlick wins face-off versus Andrew Agozzino in neutral zone.
3:18 of 3rd period - Shot by Patrick Maroon.
3:18 of 3rd period - Stopped by Calvin Pickard without a rebound.
3:19 of 3rd period - William Eklund wins face-off versus Nathan Walker in Heat zone.
3:38 of 3rd period - Shot by Adam Cracknell.
3:38 of 3rd period - Shot Misses the Net.
3:40 of 3rd period - Shot by Samuel Fagemo.
3:40 of 3rd period - Stopped by Calvin Pickard without a rebound.
3:41 of 3rd period - William Eklund wins face-off versus Zac Dalpe in Heat zone.
4:15 of 3rd period - Icing by Yegor Zamula.
4:16 of 3rd period - Tanner Kero wins face-off versus William Eklund in Silver Tips zone.
4:46 of 3rd period - Icing by Radim Simek.
4:47 of 3rd period - Tanner Kero wins face-off versus Cal Clutterbuck in Heat zone.
5:02 of 3rd period - Shot by Rem Pitlick.
5:02 of 3rd period - Deflect By Connor Brown.
5:02 of 3rd period - Shot Blocked by Radim Simek.
6:03 of 3rd period - Icing by Joseph Cecconi.
6:04 of 3rd period - Andrew Agozzino wins face-off versus Raphael Lavoie in Silver Tips zone.
6:23 of 3rd period - Shot by Raphael Lavoie.
6:23 of 3rd period - Stopped by Calvin Pickard without a rebound.
6:24 of 3rd period - Zac Dalpe wins face-off versus William Eklund in Heat zone.
6:26 of 3rd period - Minor Penalty to Marcus Bjork for Interference.
6:27 of 3rd period - Tanner Kero wins face-off versus Patrick Maroon in Heat zone.
6:27 of 3rd period - Tanner Kero is hit by Cal Clutterbuck.
6:42 of 3rd period - Off-side.
6:43 of 3rd period - Tanner Kero wins face-off versus William Eklund in neutral zone.
7:48 of 3rd period - Icing by Cal Clutterbuck.
7:49 of 3rd period - Rem Pitlick wins face-off versus Georgii Merkulov in Silver Tips zone.
7:54 of 3rd period - Jacob Bernard-Docker is hit by Patrick Maroon and loses puck.
8:36 of 3rd period - Samuel Fagemo is hit by Jacob Bernard-Docker and loses puck.
8:56 of 3rd period - Minor Penalty to Andrew Agozzino for Holding.
8:57 of 3rd period - Georgii Merkulov wins face-off versus Rem Pitlick in Heat zone.
10:28 of 3rd period - Shot by William Eklund.
10:28 of 3rd period - Stopped by Calvin Pickard without a rebound.
10:29 of 3rd period - Tanner Kero wins face-off versus Cal Clutterbuck in Heat zone.
11:15 of 3rd period - Shot by Zac Dalpe.
11:15 of 3rd period - Shot Misses the Net.
11:17 of 3rd period - Shot by Chris Terry.
11:17 of 3rd period - Shot Misses the Net.
11:23 of 3rd period - Shot by Zac Dalpe.
11:23 of 3rd period - Shot Blocked by Joseph Cecconi.
11:25 of 3rd period - Shot by Cam York.
11:25 of 3rd period - Shot Misses the Net.
11:41 of 3rd period - Chris Terry is hit by Adam Cracknell and loses puck.
11:51 of 3rd period - Minor Penalty to Andrew Agozzino for Roughing.
11:52 of 3rd period - Rem Pitlick wins face-off versus Georgii Merkulov in Heat zone.
12:07 of 3rd period - Shot by Yegor Zamula.
12:07 of 3rd period - Stopped by Calvin Pickard without a rebound.
12:08 of 3rd period - Tanner Kero wins face-off versus Rem Pitlick in Heat zone.
12:23 of 3rd period - Shot by Rem Pitlick.
12:23 of 3rd period - Shot Misses the Net.
12:25 of 3rd period - Shot by Rem Pitlick.
12:25 of 3rd period - Goal by Rem Pitlick - Silver Tips : 1 - Heat : 1.
12:26 of 3rd period - Raphael Lavoie wins face-off versus Andrew Agozzino in neutral zone.
12:49 of 3rd period - Shot by Sam Gagner.
12:49 of 3rd period - Stopped by Lukas Dostal without a rebound.
12:50 of 3rd period - Tanner Kero wins face-off versus William Eklund in Silver Tips zone.
12:59 of 3rd period - Shot by Tyler Pitlick.
12:59 of 3rd period - Goal by Tyler Pitlick - Silver Tips : 1 - Heat : 2.
13:00 of 3rd period - Georgii Merkulov wins face-off versus Connor Brown in neutral zone.
13:20 of 3rd period - Minor Penalty to Michael Kesselring for Holding.
13:21 of 3rd period - Raphael Lavoie wins face-off versus Max McCormick in Silver Tips zone.
13:38 of 3rd period - Shot by Cam York.
13:38 of 3rd period - Stopped by Lukas Dostal with a rebound.
13:40 of 3rd period - Shot by Jaycob Megna.
13:40 of 3rd period - Stopped by Lukas Dostal without a rebound.
13:41 of 3rd period - Zac Dalpe wins face-off versus Patrick Maroon in Silver Tips zone.
13:58 of 3rd period - Shot by Zac Dalpe.
13:58 of 3rd period - Shot Blocked by Yegor Zamula.
14:13 of 3rd period - Shot by Filip Roos.
14:13 of 3rd period - Stopped by Lukas Dostal with a rebound.
14:49 of 3rd period - Shot by Andrew Agozzino.
14:49 of 3rd period - Shot Misses the Net.
14:51 of 3rd period - Shot by Jaycob Megna.
14:51 of 3rd period - Shot Blocked by William Trudeau.
14:53 of 3rd period - Shot by Jaycob Megna.
14:53 of 3rd period - Stopped by Lukas Dostal without a rebound.
14:54 of 3rd period - Rem Pitlick wins face-off versus Andrew Agozzino in Silver Tips zone.
16:12 of 3rd period - Radim Simek is hit by Adam Cracknell and loses puck.
16:27 of 3rd period - Samuel Fagemo is hit by Radim Simek and loses puck.
16:32 of 3rd period - Shot by Adam Cracknell.
16:32 of 3rd period - Goal by Adam Cracknell - Silver Tips : 2 - Heat : 2.
16:33 of 3rd period - Tanner Kero wins face-off versus Patrick Maroon in neutral zone.
16:51 of 3rd period - Minor Penalty to Michael Kesselring for Roughing.
16:52 of 3rd period - Raphael Lavoie wins face-off versus Andrew Agozzino in Silver Tips zone.
17:05 of 3rd period - Shot by Jaycob Megna.
17:05 of 3rd period - Shot Misses the Net.
17:07 of 3rd period - Shot by Sam Gagner.
17:07 of 3rd period - Shot Misses the Net.
17:59 of 3rd period - Shot by Anthony Richard.
17:59 of 3rd period - Stopped by Lukas Dostal with a rebound.
18:16 of 3rd period - Off-side.
18:17 of 3rd period - Raphael Lavoie wins face-off versus Zac Dalpe in neutral zone.
18:26 of 3rd period - Shot by Chris Terry.
18:26 of 3rd period - Stopped by Lukas Dostal with a rebound.
19:02 of 3rd period - Minor Penalty to Nathan Walker for Interference.
19:03 of 3rd period - Rem Pitlick wins face-off versus Tyler Pitlick in Heat zone.
19:04 of 3rd period - Shot by Cal Clutterbuck.
19:04 of 3rd period - Shot Blocked by Radim Simek.
19:06 of 3rd period - Shot by Yegor Zamula.
19:06 of 3rd period - Deflect By Rem Pitlick.
19:06 of 3rd period - Stopped by Calvin Pickard with a rebound.
19:08 of 3rd period - Shot by Cal Clutterbuck.
19:08 of 3rd period - Stopped by Calvin Pickard without a rebound.
19:09 of 3rd period - William Eklund wins face-off versus Georgii Merkulov in Heat zone.
19:34 of 3rd period - Shot by Chase De Leo.
19:34 of 3rd period - Shot Misses the Net.
Goals for this period are 2 for Silver Tips vs 1 for Heat.
Shots for this period are 9 for Silver Tips vs 8 for Heat.

Overtime #1


0:01 of 1st overtime period - Rem Pitlick wins face-off versus Georgii Merkulov in neutral zone.
0:06 of 1st overtime period - Shot by Cal Clutterbuck.
0:06 of 1st overtime period - Stopped by Calvin Pickard with a rebound.
0:08 of 1st overtime period - Shot by Cal Clutterbuck.
0:08 of 1st overtime period - Stopped by Calvin Pickard without a rebound.
0:09 of 1st overtime period - William Eklund wins face-off versus Tanner Kero in Heat zone.
0:10 of 1st overtime period - Shot by Yegor Zamula.
0:10 of 1st overtime period - Goal by Yegor Zamula - Silver Tips : 3 - Heat : 2.
Goals for this period are 1 for Silver Tips vs 0 for Heat.
Shots for this period are 3 for Silver Tips vs 0 for Heat.